 Dungeon Crawl Stone Soup version 0.20.1-1-g8b1a95d (console) character file.

24465 hilaritas the Severer (level 13, -1/116 HPs)
             Began as a Hill Orc Fighter on Mar 17, 2018.
             Was a High Priest of Beogh.
             Killed by drain life
             ... invoked by a soul eater
             ... summoned by an orc high priest
              (8 damage)
             ... on level 2 of the Orcish Mines.
             The game lasted 00:51:13 (11182 turns).

hilaritas the Severer (Hill Orc Fighter)           Turns: 11182, Time: 00:51:14

Health: -1/116     AC: 16    Str: 33    XL:     13   Next: 13%
Magic:  21/21      EV: 18    Int:  8    God:    Beogh [*****.]
Gold:   1198       SH:  0    Dex: 10    Spells: 10/12 levels left

rFire    . . .     SeeInvis .   b - +0 battleaxe
rCold    + + .     Gourm    .   (shield currently unavailable)
rNeg     . . .     Faith    .   X - +0 plate armour
rPois    .         Spirit   .   (no helmet)
rElec    .         Reflect  .   p - scarf {repulsion}
rCorr    .         Harm     .   r - +1 pair of gloves
MR       ++...                  (no boots)
Stlth    ..........             q - amulet of regeneration
Regen    0.7/turn               g - +4 ring of strength
MPRegen  0.2/turn               R - ring "Kellogostoa" {rC++ MR++ EV+6}

@: mighty, hasted, drained, repel missiles, very quick
A: walk on water, talons 1, sturdy frame 1
a: Smiting, Recall Orcish Followers, Give Item to Named Follower, Renounce
Religion


You were on level 2 of the Orcish Mines.
You worshipped Beogh.
Beogh was extremely pleased with you.
You were not hungry.

You visited 2 branches of the dungeon, and saw 14 of its levels.

You collected 1273 gold pieces.
You spent 75 gold pieces at shops.

Inventory:

Hand Weapons
 a - a +1 war axe
 b - a +0 battleaxe (weapon)
 w - a +4 scimitar of flaming
Missiles
 k - 263 arrows
 s - a throwing net (quivered)
Armour
 p - a scarf of repulsion (worn)
 r - a +1 pair of gloves (worn)
 X - a +0 plate armour (worn)
Jewellery
 c - an uncursed ring of fire
 g - a +4 ring of strength (left hand)
 q - an amulet of regeneration (around neck)
 L - an uncursed ring of flight
 R - the ring "Kellogostoa" (right hand) {rC++ MR++ EV+6}
   (You found it on level 7 of the Dungeon)

   [ring of evasion]

   It affects your evasion (+6).
   It greatly protects you from cold.
   It affects your resistance to hostile enchantments.
Wands
 n - a wand of scattershot (4/9)
 A - a wand of digging (11/24)
 C - a wand of lightning (7/15)
 Z - a wand of iceblast (9/15)
Scrolls
 h - 3 scrolls of enchant weapon
 y - 5 scrolls of teleportation
 F - 4 scrolls of magic mapping
 H - a scroll of recharging
 J - a scroll of remove curse
 M - a scroll of blinking
 T - 2 scrolls of enchant armour
 Y - a scroll of summoning
Potions
 d - a potion of might
 i - 2 potions of cancellation
 t - 2 potions of berserk rage
 u - 2 potions of magic
 x - 3 potions of ambrosia
 z - 4 potions of mutation
 E - 4 potions of brilliance
 G - a potion of curing
 I - 2 potions of agility
 P - a potion of resistance
 Q - 3 potions of flight
 S - a potion of invisibility
Comestibles
 f - 16 bread rations
 j - 6 fruits
 l - 8 meat rations
 m - 5 royal jellies
 o - 3 chunks of flesh


   Skills:
 + Level 11.2(10.7) Fighting
 * Level 15.9(15.3) Axes
 - Level 10.1(9.6) Armour
 - Level 7.9(7.4) Dodging
   Level 3.2(2.9) Shields
 - Level 11.0(10.5) Invocations


You had 10 spell levels left.
You knew the following spells:

 Your Spells              Type           Power        Failure   Level  Hunger
a - Sticks to Snakes      Tmut           #.......     95%         2    ###....


Dungeon Overview and Level Annotations

Branches:
Dungeon (12/15)            Temple (0/1) D:6            Lair (0/6) D:8
    Orc (2/2) D:12            Elf (0/3) Orc:2

Altars:
Ashenzari
Dithmenos
Elyvilon
Gozag
Makhleb
Nemelex Xobeh
Ru
Sif Muna
Trog
Uskayaw
Xom
Yredelemnul
The Shining One

Shops:
D:6 =   D:7 **%   D:12 !   Orc:2 ?!


Innate Abilities, Weirdness & Mutations

You can walk on water.
You have sharp toenails.
Your movements are slightly less encumbered by armour. (ER -2)


Message History

The orc high priest hits you but does no damage.
The orc priest closely misses your orc warrior.
The orc priest casts a cantrip, but nothing happens.
The orc warrior hits your orc warrior but does no damage.
An orc priest comes into view. It is wielding a club.
You slice the orc high priest!! You claw the orc high priest.
The orc high priest is severely wounded.
You closely miss the chaos spawn. You slash the soul eater!
You slash the ufetubus!
You kill the ufetubus!
You slash the orc knight!
You kill the orc knight!
Beogh accepts your kill.
Your orc warrior no longer looks unusually strong.
Your orc warrior hits the orc warrior but does no damage.
The ynoxinul gestures.
The soul eater completely misses you.
Margrim misses the soul eater.
The soul eater draws from the surrounding life force!
You die...
Beogh appreciates the soul eater's killing of a heretic priest.

.##.##.o...........
#....###...##.......
....## ##o.###......
...## ##oo## ..##
##oo## ...# ##oo##
..## ##.o## ###
##oo## # . ##)o##
#.oo###o)##
#..o33@55#
##.oo#4o5o#
##..oo#355#
##.4o55#5∩#
##.o#.5...# ..))
#.∩## ...# .## ..#..
#


You could see 2 soul eaters, an orc high priest, an ice devil, a ynoxinul, a
chaos spawn, 3 orc warriors, 5 orc priests, an orc, 9 ufetubi, a friendly orc
knight, the friendly Margrim the orc knight, 7 friendly orc warriors, a friendly
orc priest, a friendly orc wizard (invisible) and a friendly orc.

Vanquished Creatures
  Fannar (D:10)
  Erolcha (D:12)
  5 two-headed ogres
  2 death knights
  An orc knight (Orc:2)
  An orc sorcerer (Orc:2)
  An ugly thing (D:12)
  A centaur zombie (D:12)
  A komodo dragon (D:8)
  A hellwing (Orc:2)
  A freezing wraith (D:12)
  3 trolls
  A hornet (D:9)
  2 hippogriffs (D:7)
  A vampire (D:9)
  A spriggan (D:11)
  22 yaks
  5 wraiths
  A hungry ghost (D:11)
  A warg (Orc:2)
  4 ice beasts
  7 orc warriors
  A phantom (D:8)
  3 sky beasts
  A black bear (D:8)
  An eye of draining (D:12)
  A necrophage (D:11)
  10 ogres
  3 centaurs
  A crocodile (D:9)
  A big kobold (D:9)
  8 bullfrogs
  A wyvern zombie (D:12)
  3 scorpions
  6 killer bees (D:10)
  4 howler monkeys
  2 crimson imps
  2 bullfrog zombies (D:7)
  A quasit (D:5)
  2 bullfrog skeletons
  2 hounds
  8 orc wizards
  11 orc priests
  2 centaur skeletons (D:12)
  Jessica (D:3)
  Ijyb (D:4)
  4 iguanas
  7 worker ants
  2 hound skeletons (D:8)
  13 adders
  4 gnolls (D:2)
  2 shadow imps
  4 worms
  4 dart slugs
  6 leopard geckos
  31 orcs
  3 giant cockroaches
  4 goblins
  4 hobgoblins
  11 jackals
  6 kobolds
  2 quokkas
  3 ball pythons
  2 bats (D:1)
  6 frilled lizards
  A jackal zombie (D:5)
  A leopard gecko skeleton (D:4)
  6 rats
266 creatures vanquished.

Vanquished Creatures (collateral kills)
  An ettin (Orc:2)
  Erica (D:10)
  An orc high priest (Orc:2)
  2 skeletal warriors
  A phantasmal warrior (D:12)
  An ugly thing (D:11)
  2 orc sorcerers (Orc:2)
  A troll (D:12)
  2 hornets
  2 hippogriffs (D:11)
  A wraith (D:12)
  3 yaks (D:12)
  A warg (D:12)
  12 orc warriors
  A phantom (D:11)
  A black bear (D:11)
  3 ogres
  A centaur (D:11)
  A bullfrog (D:12)
  A wyvern skeleton (D:12)
  A centaur zombie (D:11)
  3 orc priests (Orc:2)
  4 orc wizards
  A bullfrog skeleton (D:10)
  A worker ant zombie (D:11)
  An adder (D:12)
  5 orcs
55 creatures vanquished.

Vanquished Creatures (others)
  An orc warlord (Orc:2)
  An orc knight (D:11)
  An orc sorcerer (Orc:2)
  7 orc wizards
  7 orc warriors
  7 orc priests
  33 orcs
  A plant (D:8)
58 creatures vanquished.

Grand Total: 379 creatures vanquished

Notes
Turn   | Place    | Note
-------+----------+-------------------------------------------
     0 | D:1      | hilaritas the Hill Orc Fighter began the quest for the Orb.
     0 | D:1      | Reached XP level 1. HP: 19/19 MP: 1/1
    71 | D:1      | Reached skill level 3 in Axes
   252 | D:1      | Reached XP level 2. HP: 27/27 MP: 2/2
   514 | D:1      | Reached skill level 4 in Axes
   829 | D:1      | Reached XP level 3. HP: 33/33 MP: 3/3
  1140 | D:2      | Reached skill level 5 in Axes
  1143 | D:2      | Reached XP level 4. HP: 20/40 MP: 4/4
  1150 | D:2      | HP: 1/40 [gnoll/spear (7)]
  1749 | D:3      | Noticed Jessica
  1751 | D:3      | Killed Jessica
  1751 | D:3      | Reached skill level 6 in Axes
  1751 | D:3      | Reached XP level 5. HP: 46/46 MP: 5/5
  1830 | D:3      | Became a worshipper of Beogh the Brigand
  2375 | D:4      | Reached skill level 7 in Axes
  2380 | D:4      | Noticed Ijyb
  2410 | D:4      | Killed Ijyb
  2410 | D:4      | Reached skill level 1 in Invocations
  2497 | D:4      | Found a glowing golden altar of the Shining One.
  2562 | D:4      | Reached XP level 6. HP: 15/53 MP: 6/6
  2715 | D:4      | Found an opulent altar of Gozag.
  2827 | D:4      | Gained mutation: Your movements are slightly less encumbered by armour. (ER -2) [potion of mutation]
  2827 | D:4      | Gained mutation: You have sharp toenails. [potion of mutation]
  3078 | D:4      | Reached skill level 8 in Axes
  3149 | D:5      | Entered Level 5 of the Dungeon
  3196 | D:5      | Noticed an ice beast
  3208 | D:5      | Killed an ice beast
  3254 | D:5      | Reached XP level 7. HP: 58/60 MP: 8/8
  3377 | D:5      | Reached * piety under Beogh
  3377 | D:5      | Reached skill level 9 in Axes
  3834 | D:5      | Found a sacrificial altar of Ru.
  3966 | D:6      | Found Habaeb's Jewellery Boutique.
  3968 | D:6      | You fall through a shaft!
  4097 | D:6      | Reached skill level 10 in Axes
  4133 | D:6      | Reached skill level 5 in Fighting
  4155 | D:6      | Reached XP level 8. HP: 64/68 MP: 10/10
  4558 | D:6      | Found a staircase to the Ecumenical Temple.
  4957 | D:7      | Found Bexaxtag's General Store.
  5007 | D:7      | Found Oggoupa's Food Emporium.
  5082 | D:7      | Reached skill level 5 in Invocations
  5156 | D:7      | Reached XP level 9. HP: 81/81 MP: 11/13
  5180 | D:7      | Reached ** piety under Beogh
  5180 | D:7      | Reached skill level 5 in Armour
  5279 | D:7      | Found Toukla's Assorted Antiques.
  5300 | D:7      | Bought a viscous black potion for 25 gold pieces
  5300 | D:7      | Bought a metallic brown potion for 25 gold pieces
  5300 | D:7      | Bought a coppery potion for 25 gold pieces
  5536 | D:7      | Got a clouded ivory ring
  5537 | D:7      | Identified the ring "Kellogostoa" {rC++ MR++ EV+6} (You found it on level 7 of the Dungeon)
  5856 | D:8      | Reached skill level 10 in Fighting
  6126 | D:8      | Found a staircase to the Lair.
  6127 | D:8      | Noticed a komodo dragon
  6140 | D:8      | Killed a komodo dragon
  6140 | D:8      | Reached skill level 1 in Dodging
  6255 | D:8      | Reached XP level 10. HP: 93/93 MP: 15/15
  6431 | D:8      | Learned a level 2 spell: Sticks to Snakes
  6791 | D:9      | Reached *** piety under Beogh
  7124 | D:9      | Found a white marble altar of Elyvilon.
  7126 | D:9      | Found a shattered altar of Ashenzari.
  7131 | D:9      | Found a basalt altar of Yredelemnul.
  7131 | D:9      | Found a shimmering altar of Xom.
  7131 | D:9      | Found a hide-covered altar of Uskayaw.
  7131 | D:9      | Found a burning altar of Makhleb.
  7132 | D:9      | Found a shadowy altar of Dithmenos.
  7133 | D:9      | Found a deep blue altar of Sif Muna.
  7136 | D:9      | Found a bloodstained altar of Trog.
  7137 | D:9      | Found a sparkling altar of Nemelex Xobeh.
  7204 | D:9      | Noticed a two-headed ogre
  7212 | D:9      | Killed a two-headed ogre
  7212 | D:9      | Reached skill level 10 in Armour
  7313 | D:10     | Entered Level 10 of the Dungeon
  7349 | D:10     | Reached XP level 11. HP: 48/99 MP: 16/18
  7492 | D:10     | Noticed Fannar
  7515 | D:10     | Killed Fannar
  7742 | D:10     | Reached skill level 5 in Dodging
  7747 | D:10     | Reached skill level 10 in Invocations
  7976 | D:10     | Noticed Erica
  7986 | D:10     | Killed Erica
  8062 | D:11     | Noticed a two-headed ogre
  8072 | D:11     | Killed a two-headed ogre
  8261 | D:11     | Noticed a two-headed ogre
  8269 | D:11     | Killed a two-headed ogre
  8422 | D:11     | Noticed a brown ugly thing
  8428 | D:11     | Noticed a skeletal warrior
  8428 | D:11     | Killed a brown ugly thing
  8430 | D:11     | Noticed a death knight
  8436 | D:11     | Killed a skeletal warrior
  8442 | D:11     | Killed a death knight
  8448 | D:11     | Reached XP level 12. HP: 24/106 MP: 15/20
  8938 | D:11     | Reached skill level 11 in Axes
  9104 | D:12     | Found a staircase to the Orcish Mines.
  9115 | D:12     | Reached **** piety under Beogh
  9123 | D:12     | Reached skill level 12 in Axes
  9127 | D:12     | Gained Margrim as an ally
  9183 | D:12     | Noticed a two-headed ogre
  9188 | D:12     | Killed a two-headed ogre
  9258 | D:12     | Gained Zorug as an ally
  9269 | D:12     | Noticed Erolcha
  9278 | D:12     | Killed Erolcha
  9418 | D:12     | Noticed a death knight
  9426 | D:12     | Killed a death knight
  9426 | D:12     | Reached skill level 13 in Axes
  9730 | D:12     | Found Dume's Distillery.
  9812 | D:12     | Reached skill level 14 in Axes
  9948 | D:12     | Noticed a two-headed ogre
  9957 | D:12     | Killed a two-headed ogre
 10120 | Orc:1    | Entered Level 1 of the Orcish Mines
 10372 | Orc:2    | Entered Level 2 of the Orcish Mines
 10372 | Orc:2    | Found a staircase to the Elven Halls.
 10655 | Orc:2    | Noticed an orc high priest
 10659 | Orc:2    | Killed an orc high priest
 10664 | Orc:2    | Reached skill level 15 in Axes
 10727 | Orc:2    | Noticed an ettin
 10734 | Orc:2    | Killed an ettin
 10734 | Orc:2    | Reached ***** piety under Beogh
 10734 | Orc:2    | Reached XP level 13. HP: 74/116 MP: 21/21
 10895 | Orc:2    | Noticed an orc warlord
 11153 | Orc:2    | Gained Agrik as an ally
 11165 | Orc:2    | Found Tufiar's Magic Scroll Shoppe.
 11170 | Orc:2    | Found Foigul's Distillery.
 11180 | Orc:2    | HP: 6/116 [orc knight/great mace (10)]
 11182 | Orc:2    | Killed from afar by a soul eater

Skill      XL: |  1  2  3  4  5  6  7  8  9 10 11 12 |
---------------+-------------------------------------+-----
Axes           | 3 4 5 6 7 8 10 15 | 15.9
Fighting       | 4 5 8 10 11 | 11.2
Invocations    | 1 2 3 5 7 9 11 | 11.0
Armour         | 4 7 10 | 10.1
Dodging        | 1 3 7 |  7.9
Shields        | |  3.2

Action                   |  1- 3 |  4- 6 |  7- 9 | 10-12 | 13-15 || total
-------------------------+-------+-------+-------+-------+-------++-------
Melee: War axe           |   102 |   158 |   247 |   293 |       ||   800
       Kick              |       |     8 |    76 |   169 |    19 ||   272
       Battleaxe         |       |       |       |   207 |    39 ||   246
Throw: Tomahawk          |       |       |     6 |    12 |       ||    18
Invok: Convert to Beogh  |       |     1 |       |       |       ||     1
       Smiting           |       |       |     1 |     9 |       ||    10
       Recall Orcish Fol |       |       |       |     1 |       ||     1
  Use: Scroll            |     3 |    13 |     7 |    11 |       ||    34
       Potion            |       |     2 |       |       |     3 ||     5
 Stab: Distracted        |       |       |       |     3 |     1 ||     4
  Eat: Chunk             |     1 |     6 |    10 |    15 |     3 ||    35
       Fruit             |       |       |     1 |     1 |       ||     2
Armor: Scale mail        |    50 |    69 |    95 |   113 |       ||   327
       Plate armour      |       |       |       |    50 |    16 ||    66
Dodge: Dodged            |    59 |    79 |   131 |   469 |    36 ||   774
       Deflected         |       |     4 |     2 |     8 |     1 ||    15
